 Dungeon Crawl Stone Soup version 0.28.0 (webtiles) character file.

Game seed: 14772524153581968760

36 fknight the Skirmisher (level 3, -1/36 HPs)
             Began as a Troll Fighter on Feb 19, 2022.
             Slain by a hobgoblin (5 damage)
             ... led by Robin
             ... on level 2 of the Dungeon.
             The game lasted 00:05:55 (1223 turns).

fknight the Skirmisher (Troll Fighter)              Turns: 1223, Time: 00:05:55

Health: -1/36      AC:  4    Str: 26    XL:     3   Next: 19%
Magic:  2/2        EV:  8    Int:  4    God:
Gold:   20         SH:  7    Dex:  9    Spells: 2/2 levels left

rFire   . . .      SeeInvis .   a - +0 war axe
rCold   . . .      Faith    .   c - +0 kite shield
rNeg    . . .      Spirit   .   b - +0 robe
rPois   .          Reflect  .   (helmet restricted)
rElec   .          Harm     .   (no cloak)
rCorr   .          Rampage  .   (gloves unavailable)
Will    .....                   (boots unavailable)
Stlth   +.........              (no amulet)
HPRegen 0.92/turn               (no ring)
MPRegen 0.08/turn               (no ring)

@: mighty
A: large, unfitting armour, claws 3, regeneration 1, shaggy fur 1, tough skin 1
a: no special abilities


You were on level 2 of the Dungeon.
You visited 1 branch of the dungeon, and saw 2 of its levels.

You collected 20 gold pieces.

Inventory:

Hand Weapons
 a - a +0 war axe (weapon)
 h - a +0 club
 i - a +0 dagger
 k - a +0 dagger
 l - a +0 club
Missiles
 g - 33 stones (quivered)
 n - 20 bolts
Armour
 b - a +0 robe (worn)
 c - a +0 kite shield (worn)
Scrolls
 e - a scroll of magic mapping {unknown}
 f - a scroll of vulnerability {unknown}
 j - a scroll of immolation {unknown}


   Skills:
 + Level 2.8 Fighting
 + Level 2.0 Axes
 + Level 2.8 Dodging
 + Level 2.5 Shields


You had 2 spell levels left.
You didn't know any spells.
Your spell library was empty.

Dungeon Overview and Level Annotations

Branches:
Dungeon (2/15)

Altars:

Annotations:
D:2 Robin


Innate Abilities, Weirdness & Mutations

You are too large for most types of armour.
You have claws for hands.
Your natural rate of healing is unusually fast.
You are covered in fur. (AC +1)
You have tough skin. (AC +1)


Message History

You slash the hobgoblin!
You kill the hobgoblin!
You closely miss the goblin.
The goblin no longer looks unusually strong.
Robin roars a battlecry!
The goblin goes into a battle-frenzy!
The goblin hits you with a +0 club. Robin hits you but does no damage.
The goblin barely misses you. You block the goblin's attack.
You barely miss the goblin. You hit the goblin. Robin throws the goblin at you!
The goblin hits you with a +3 dagger. The goblin hits you with a +0 club.
You closely miss the goblin. You slash the goblin!
You kill the goblin!
You completely miss the hobgoblin. You block Robin's attack.
The goblin hits you but does no damage.
The hobgoblin hits you but does no damage.
Robin hits you but does no damage. The goblin completely misses you.
You barely miss the goblin. You closely miss the hobgoblin.
You block the hobgoblin's attack. You block Robin's attack.
The goblin barely misses you.
The hobgoblin hits you but does no damage.
You barely miss the goblin. You closely miss the hobgoblin.
You block Robin's attack. The goblin hits you with a +0 club.
The hobgoblin hits you. Robin closely misses you.
You block the goblin's attack.
You barely miss the goblin. You hit the hobgoblin. The hobgoblin hits you.
Robin hits you from afar with a +0 trident.
* * * LOW HITPOINT WARNING * * *
The goblin closely misses you. The hobgoblin hits you.
* * * LOW HITPOINT WARNING * * *
It was a potion of curing.
You feel better.
The goblin no longer looks unusually strong.
Robin hits you from afar with a +0 trident.
* * * LOW HITPOINT WARNING * * *
The goblin hits you with a +0 club.
* * * LOW HITPOINT WARNING * * *
You block the hobgoblin's attack.
You feel very mighty all of a sudden. You block Robin's attack.
You block the goblin's attack. The hobgoblin hits you.
You die...

.... .... # .....
#####.#.# #...
#)g......
##....#@# .#
......#g# ..#
....?...g.#(..#.#
...............#
#..............#
#..##....#..#...
..##...........#
..
#...........>..#
.......^........


You could see Robin, a hobgoblin (strong) and a goblin.

Vanquished Creatures
  A dart slug (D:1)
  4 ball pythons (D:1)
  2 endoplasms (D:1)
  A giant cockroach (D:1)
  10 goblins
  5 hobgoblins
  A quokka (D:1)
  5 rats (D:1)
29 creatures vanquished.

Notes
Turn   | Place    | Note
-------+----------+-------------------------------------------
     0 | D:1      | fknight the Troll Fighter began the quest for the Orb.
     0 | D:1      | Reached XP level 1. HP: 22/22 MP: 0/0
   177 | D:1      | Reached XP level 2. HP: 29/29 MP: 1/1
  1180 | D:2      | Noticed Robin
  1200 | D:2      | Reached XP level 3. HP: 33/36 MP: 2/2
  1223 | D:2      | Slain by a hobgoblin

Illustrated notes

Levels and vault maps discovered:
D:1:      dpeg_arrival_radiant, layout_basic, kennysheep_crisscross
D:2:      layout_basic, grunt_decor_cap, uniq_robin, uniq_natasha

Skill      XL: |  1  2 |
---------------+-------+-----
Axes           | 2 |  2.0
Fighting       | |  2.8
Dodging        | |  2.8
Shields        | |  2.5

Action                   || total
-------------------------++-------
Melee: War axe           ||    88
  Use: Potion            ||     2
Armor: Robe              ||    37
Dodge: Dodged            ||    38
Block: Kite shield       ||    53
